 Dungeon Crawl Stone Soup version 0.22-a0-587-g7d32d7c (webtiles) character file.

125 Amnesiac the Skirmisher (level 4, -1/35 HPs)
             Began as a Mummy Fighter on July 4, 2018.
             Slain by an orc wizard
             ... wielding a +0 dagger
              (4 damage)
             ... on level 3 of the Dungeon.
             The game lasted 00:02:21 (1767 turns).

Amnesiac the Skirmisher (Mummy Fighter)             Turns: 1767, Time: 00:02:22

Health: -1/35      AC:  6    Str: 20    XL:     4   Next: 82%
Magic:  4/4        EV:  9    Int:  7    God:
Gold:   123        SH: 10    Dex: 15    Spells: 3/3 levels left

rFire    x . .     SeeInvis .   a - +0 long sword
rCold    + . .     Gourm    .   c - +1 shield
rNeg     + + +     Faith    .   b - +0 scale mail
rPois    ∞         Spirit   .   (no helmet)
rElec    .         Reflect  .   (no cloak)
rCorr    .         Harm     .   (no gloves)
MR       .....                  (no boots)
Stlth    ..........             (no amulet)
HPRegen  0.11/turn              f - +4 ring of dexterity
MPRegen  0.09/turn              (no ring)

@: about to teleport, very slightly contaminated
A: no food or potions, fire vulnerability, cold resistance 1, negative energy
resistance 3, torment resistance, unbreathing
a: no special abilities


You were on level 3 of the Dungeon.
You were not hungry.

You visited 1 branch of the dungeon, and saw 3 of its levels.

You collected 123 gold pieces.

Inventory:

Hand Weapons
 a - a +0 long sword (weapon)
Missiles
 d - 97 stones (quivered)
Armour
 b - a +0 scale mail (worn)
 c - a +1 shield (worn)
 n - a +2 hat
Jewellery
 f - a +4 ring of dexterity (left hand)
 l - a cursed ring of teleportation
Scrolls
 e - 2 scrolls of enchant armour {!r}
 g - a scroll of enchant weapon {!r, unknown}
 h - 9 scrolls of identify {!r}
 i - a scroll of teleportation {!r}
 j - a scroll of amnesia {!r}
 m - a scroll of remove curse {!r}


   Skills:
 + Level 3.3 Fighting
 - Level 1.5 Long Blades
 + Level 2.8 Armour
 + Level 2.8 Dodging
 + Level 2.7 Shields


You had 3 spell levels left.
You didn't know any spells.
Your spell library was empty.

Dungeon Overview and Level Annotations

Branches:
Dungeon (3/15)

Altars:


Innate Abilities, Weirdness & Mutations

You do not eat or drink.
Your flesh is vulnerable to fire.
You are immune to poison.
Your flesh is cold resistant. (rC+)
You are immune to negative energy. (rN+++)
You are immune to unholy pain and torment.
You can survive without breathing.


Message History

You hear some strange, mumbled words.
A puff of frost appears from out of thin air!
The puff of frost hits you! You resist. You block the orc's attack.
You hit the orc but do no damage.
The orc is heavily wounded.
Something hits you but does no damage. You block the orc's attack.
Something hits you.
* * * LOW HITPOINT WARNING * * *
Your shield and scale mail prevent you from hitting the orc.
The orc is heavily wounded.
You block something's attack. You block the orc's attack.
You hear some strange, mumbled words.
A puff of flame appears from out of thin air!
The puff of flame hits you! The fire burns you terribly!
* * * LOW HITPOINT WARNING * * *
Your scale mail prevents you from hitting the orc.
The orc is heavily wounded.
Something hits you but does no damage. The orc hits you with a whip.
* * * LOW HITPOINT WARNING * * *
Something hits you but does no damage. You block the orc's attack.
You can't drink.
You closely miss something. Something completely misses you.
Something hits you but does no damage. The orc hits you with a whip.
* * * LOW HITPOINT WARNING * * *
You miss something. Something hits you but does no damage.
The orc hits you but does no damage. Something hits you.
* * * LOW HITPOINT WARNING * * *
The orc closely misses you.
You hit something but do no damage. Something hits you but does no damage.
The orc barely misses you.
Really read
m - 2 scrolls labeled CYOHOQUCUP {!r}?
As you read the scroll labeled CYOHOQUCUP {!r}, it crumbles to dust.
You feel blessed for a moment.
It was a scroll of remove curse {!r}.
You block something's attack. You block the orc's attack.
Something completely misses you.
Really read
k - a scroll labeled LOFROYRIXY {!r}?
Blink to where?
Press: ? - help, Dir - move target cursor You are very lightly contaminated with residual magic.
As you read the scroll labeled LOFROYRIXY {!r}, it crumbles to dust.
It was a scroll of blinking {!r}.
The orc closely misses you.
Really read
h - 10 scrolls labeled PAAS LUIKLIHAD {!r}?
As you read the scroll labeled PAAS LUIKLIHAD {!r}, it crumbles to dust.
It is a scroll of identify.
l - a cursed ring of teleportation Really read
e - 3 scrolls labeled GUDWAILUMA {!r}?
As you read the scroll labeled GUDWAILUMA {!r}, it crumbles to dust.
It is a scroll of enchant armour.
Your +0 shield glows green for a moment.
You hear some strange, mumbled words.
A puff of flame appears from out of thin air!
You block the puff of flame.
Really read
j - 2 scrolls labeled VIMOAT DYUC {!r}?
As you read the scroll labeled VIMOAT DYUC {!r}, it crumbles to dust.
It is a scroll of amnesia.
You feel forgetful for a moment.
Okay, then.
You hear some strange, mumbled words.
Really read
i - 2 scrolls labeled LEDASEGH RACU {!r}?
As you read the scroll labeled LEDASEGH RACU {!r}, it crumbles to dust.
You feel strangely unstable.
It was a scroll of teleportation {!r}.
Something hits you but does no damage. Something hits you.
You die...

### ..# ### #
#.# ...##.
#####.# ...#.
#o.o#.#
#...##.#o#.#
#....oo#{..#
###.(#####.#
#....@.#.oo####
#
#.####.#.#o...#
.# >.
#.o.####.#
####.# # ##.##
#.# .....
#.#####.####
...## ###
#.......[..#
#.#.## .<.
####.##.##.#
.....# #.#
####.##.##.###
#.#..# #.#
.............#


You could see an orc.

Vanquished Creatures
  Terence (D:2)
  5 adders (D:2)
  A worm (D:2)
  3 dart slugs (D:2)
  2 leopard geckos
  6 bats
  3 giant cockroaches
  5 goblins
  7 hobgoblins
  3 frilled lizards
  7 kobolds
  2 rats
45 creatures vanquished.

Notes
Turn   | Place    | Note
-------+----------+-------------------------------------------
     0 | D:1      | Amnesiac the Mummy Fighter began the quest for the Orb.
     0 | D:1      | Reached XP level 1. HP: 18/18 MP: 1/1
   129 | D:1      | Reached skill level 1 in Dodging
   155 | D:1      | Reached XP level 2. HP: 19/24 MP: 2/2
   730 | D:2      | Reached XP level 3. HP: 29/29 MP: 3/3
   795 | D:2      | Noticed Terence
   813 | D:2      | Killed Terence
   813 | D:2      | Reached XP level 4. HP: 13/35 MP: 4/4
  1767 | D:3      | Slain by an orc wizard

Vault maps used:
D:1:      shiori_shiawase
D:2:      first_ration, uniq_terence
D:3:      cheibrodos_old_hovel

Skill      XL: |  1  2 |
---------------+-------+-----
Dodging        | 1 2 |  2.8
Fighting       | |  3.3
Long Blades    | |  1.5
Armour         | |  2.8
Shields        | |  2.7

Action                   |  1- 3 |  4- 6 || total
-------------------------+-------+-------++-------
Melee: Long sword        |   120 |    83 ||   203
  Use: Scroll            |       |     6 ||     6
Armor: Scale mail        |    50 |    34 ||    84
Dodge: Dodged            |    35 |    33 ||    68
Block: Shield            |    52 |    48 ||   100
       Rpst.: Long sword |    13 |    11 ||    24

Table legend:
 A = Spawn XP
 B = Non-spawn XP
 C = Spawn XP percentage of total XP
 D = Spawn monster count
 E = Non-spawn monster count
 F = Spawn count percentage of total count
 G = Total turns spent on level
                    A         B        C        D         E        F      G
               +---------+---------+-------+---------+---------+-------+---------
         Total |       0 |     179 |   0.0 |       0 |      45 |   0.0 |  1767
               +---------+---------+-------+---------+---------+-------+---------
           D:1 |       0 |      18 |   0.0 |       0 |      11 |   0.0 |   370
           D:2 |       0 |     154 |   0.0 |       0 |      30 |   0.0 |  1020
           D:3 |       0 |       7 |   0.0 |       0 |       4 |   0.0 |   377
               +---------+---------+-------+---------+---------+-------+---------
